 Dungeon Crawl Stone Soup version 0.27.1-16-g815e20cd7a (webtiles) character file.

Game seed: 15670733973717810195

2236 MisterFreud the Nimble (level 9, -24/43 HPs)
             Began as a Felid Berserker on Nov 21, 2021.
             Was an Elder of Trog.
             Shot with a bolt by a yaktaur captain (52 damage)
             ... on level 9 of the Dungeon.
             The game lasted 00:10:37 (10118 turns).

MisterFreud the Nimble (Felid Berserker)           Turns: 10118, Time: 00:10:38

Health: -24/43     AC:  2    Str: 13    XL:     9   Next: 14%
Magic:  10/10      EV: 31    Int: 10    God:    Trog [****..]
Gold:   405        SH:  5    Dex: 18    Spells: 8/8 levels left
                                        Lives:  0   Deaths: 3

rFire    . . .     SeeInvis +     - Unarmed
rCold    . . .     Faith    .   (shield unavailable)
rNeg     . . .     Spirit   .   (armour unavailable)
rPois    .         Reflect  +   (helmet unavailable)
rElec    .         Harm     .   (cloak unavailable)
rCorr    +         Rampage  .   (gloves unavailable)
Will     +....                  (boots unavailable)
Stlth    +++++.....             n - amulet of reflection
HPRegen  0.14/turn              k - +4 ring of evasion
MPRegen  0.12/turn              o - ring of resist corrosion

@: quick
A: very small, claws 1, fangs 3, see invisible, speed 1, shaggy fur 2, stealthy
paws, no weapons or thrown items, no armour, multi-lived
a: Renounce Religion, Berserk, Trog's Hand, Brothers in Arms


You were on level 9 of the Dungeon.
You worshipped Trog.
Trog was greatly pleased with you.
You visited 2 branches of the dungeon, and saw 10 of its levels.

You collected 405 gold pieces.

Inventory:

Jewellery
 k - a +4 ring of evasion (left paw)
 n - an amulet of reflection (around neck)
 o - a ring of resist corrosion (right paw)
 u - a ring of magical power
 v - a +6 ring of intelligence
 y - a ring of protection from fire
Wands
 t - a wand of acid (8)
 B - a wand of flame (19)
Scrolls
 a - 3 scrolls of enchant armour {unknown}
 c - 8 scrolls of teleportation {unknown}
 g - 3 scrolls of immolation {unknown}
 h - 6 scrolls of amnesia {unknown}
 i - 2 scrolls of noise {unknown}
 l - 6 scrolls of identify {unknown}
 p - a scroll of fog {unknown}
 q - 4 scrolls of magic mapping {unknown}
 w - a scroll of brand weapon {unknown}
 x - a scroll of fear {unknown}
 z - a scroll of blinking {unknown}
Potions
 b - 4 potions of mutation {unknown}
 d - 3 potions of curing {unknown}
 e - a potion of haste {unknown}
 f - 4 potions of attraction {unknown}
 j - 2 potions of heal wounds {unknown}
 m - 2 potions of flight {unknown}
 r - a potion of ambrosia {unknown}
 s - a potion of might {unknown}
 A - a potion of degeneration {unknown}
Miscellaneous
 C - a lightning rod (4/4)


   Skills:
 + Level 7.3 Fighting
 + Level 13.0 Dodging
 - Level 10.0 Stealth
 - Level 10.0 Unarmed Combat
 + Level 4.3 Evocations


You had 8 spell levels left.
You didn't know any spells.
Your spell library was empty.

Dungeon Overview and Level Annotations

Branches:
Dungeon (9/15)             Temple (1/1) D:5
   Lair: D:8-11         Orc: D:9-12

Altars:
Cheibriados
Dithmenos
Elyvilon
Fedhas
Nemelex Xobeh
Okawaru
Qazlal
Ru
Sif Muna
Trog
Uskayaw
Vehumet
Wu Jian
The Shining One

Shops:
D:2 =   D:6 [   D:8 (


Innate Abilities, Weirdness & Mutations

You have sharp claws.
You have razor-sharp teeth.
You have supernaturally acute eyesight. (SInv)
You cover ground quickly. (Speed+)
You are covered in thick fur. (AC +2)
Your paws help you pounce on unaware monsters.
You are incapable of wielding weapons or throwing items.
You cannot wear armour.
You gain extra lives every three experience levels.


Message History

Unknown command.
Unknown command.
Unknown command.
Your skin crawls.
You feel strong-willed.
You feel sick. The hornet closely misses you. x2
Unknown command.
A red film seems to cover your vision as you go berserk!
You feel yourself moving faster!
You feel mighty!
You feel sick. The hornet completely misses you. The hornet barely misses you.
You mangle the hornet!!
The hornet is severely wounded.
You feel sick.
You are no longer poisoned.
You block the hornet's attack. x2
You claw the hornet!
The hornet is almost dead.
The hornet stings you!
You die...
You feel as though you will be slow longer.
You are now level 9!
You rejoin the land of the living...
Found a lightning rod (4/4) and a polished scale mail.
Unknown command.
Unknown command.
C - a lightning rod (4/4)
There is an open door here.
A yaktaur captain comes into view.
A yaktaur captain is nearby!
A hornet and a wraith come into view.
There is an open door here.
The hornet buzzes angrily.
The yaktaur captain shouts!
You claw the yaktaur captain!
The yaktaur captain is lightly wounded.
The yaktaur captain hits you!
Unknown command.
The yaktaur captain wields a +0 arbalest.
The yaktaur captain shoots a bolt.
The bolt hits you!!!
Ouch! That really hurt!
You die...

..............
#########...........
..#..#..#...)).)....
..+.o††.#....)).)...
##'####(##...........
#..#[.#..#..)........
#.W#..#..#.<.(.......
##c##'#'##.).........
#..'@.#..#...........
#..#..#..#...........
########'#...........
....................
...................#
....................
...................
..§...............
....§§...........


You could see a yaktaur captain.

Vanquished Creatures
  Harold (D:7)
  Erolcha (D:9)
  A boulder beetle (D:7)
  A two-headed ogre (D:5)
  Pikel (D:6)
  A manticore (D:9)
  A cyclops (D:9)
  Joseph (D:9)
  Maggie (D:7)
  A troll (D:9)
  Grinder (D:4)
  Eustachio (D:4)
  A steam dragon (D:9)
  Duvessa (D:4)
  4 black bears
  3 ogres
  A hornet zombie (D:6)
  4 necrophages (D:6)
  A centaur (D:6)
  2 phantoms (D:6)
  A lemure (D:6)
  2 kobold brigands
  A bullfrog (D:8)
  4 scorpions
  2 water moccasin zombies (D:7)
  Dowan (D:4)
  A water moccasin skeleton (D:5)
  4 wights (D:8)
  4 howler monkeys
  2 centaur zombies (D:9)
  4 hounds
  A gnoll shaman (D:8)
  3 jellies (D:6)
  An orc priest (D:4)
  2 centaur skeletons
  7 iguanas
  4 orc wizards
  A hound zombie (D:3)
  A hound skeleton (D:4)
  A howler monkey skeleton (D:5)
  6 gnolls
  2 adders
  4 worms
  4 dart slugs
  26 orcs
  3 endoplasms
  3 giant cockroaches (D:1)
  5 goblins
  7 hobgoblins
  6 jackals
  18 kobolds
  4 quokkas
  7 ball pythons
  2 bats
  2 frilled lizards (D:1)
  3 rats (D:1)
178 creatures vanquished.

Vanquished Creatures (others)
  An orc wizard (D:7)
  19 fungi (D:4)
20 creatures vanquished.

Grand Total: 198 creatures vanquished

Notes
Turn   | Place    | Note
-------+----------+-------------------------------------------
     0 | D:1      | MisterFreud the Felid Berserker began the quest for the
                  | Orb.
     0 | D:1      | Reached XP level 1. HP: 10/10 MP: 2/2
   292 | D:1      | Reached XP level 2. HP: 11/14 MP: 3/3
   400 | D:1      | Reached skill level 1 in Stealth
  1062 | D:1      | Reached ** piety under Trog
  1248 | D:2      | Found Evoong's Jewellery Shoppe.
  1261 | D:2      | Reached XP level 3. HP: 14/17 MP: 4/4
  1828 | D:2      | Reached XP level 4. HP: 17/21 MP: 5/5
  2320 | D:2      | Found a bloodstained altar of Trog.
  2793 | D:3      | Found an ornate altar of the Wu Jian Council.
  2801 | D:3      | Found a sparkling altar of Nemelex Xobeh.
  2804 | D:3      | Found a white marble altar of Elyvilon.
  2854 | D:3      | Noticed an ogre
  2855 | D:3      | Noticed a phantom
  2885 | D:3      | Found a shimmering blue altar of Sif Muna.
  3342 | D:4      | Noticed a scorpion
  3342 | D:4      | Noticed a black bear
  3348 | D:4      | Killed a scorpion
  3349 | D:4      | Reached XP level 5. HP: 24/24 MP: 6/6
  3351 | D:4      | Killed a black bear
  3352 | D:4      | Reached skill level 5 in Stealth
  3352 | D:4      | Reached skill level 5 in Unarmed Combat
  3577 | D:4      | Identified the +3 robe of the Game of Kings {Fly}
  3610 | D:4      | Gained mutation: You are covered in thick fur. (AC +2)
                  | [Felid growth]
  3610 | D:4      | Reached XP level 6. HP: 28/28 MP: 7/7
  3617 | D:4      | Noticed Dowan
  3619 | D:4      | Noticed Duvessa
  3630 | D:4      | Killed Duvessa
  3634 | D:4      | HP: 1/28 [constriction (1)]
  3634 | D:4      | Constricted to death by a ball python
  3635 | D:4      | Reached XP level 5. HP: 0/24 MP: 6/6
  3680 | D:4      | Noticed Grinder
  3693 | D:4      | Killed Grinder
  3694 | D:4      | Reached skill level 6 in Dodging
  3694 | D:4      | Reached XP level 6. HP: 26/28 MP: 7/7
  3818 | D:4      | Found an iron altar of Okawaru.
  3869 | D:4      | Noticed Eustachio
  4006 | D:4      | Killed Eustachio
  4007 | D:4      | Reached skill level 7 in Dodging
  4007 | D:4      | Reached XP level 7. HP: 22/31 MP: 8/8
  4068 | D:4      | Reached skill level 8 in Dodging
  4125 | D:4      | Killed Dowan
  4185 | D:4      | Found a radiant altar of Vehumet.
  4307 | D:4      | Reached *** piety under Trog
  4469 | D:5      | Entered Level 5 of the Dungeon
  4500 | D:5      | Reached skill level 9 in Dodging
  4818 | D:5      | Found a hide-covered altar of Uskayaw.
  4943 | D:5      | Reached skill level 10 in Dodging
  4943 | D:5      | Reached XP level 8. HP: 33/34 MP: 9/9
  4950 | D:5      | Noticed a two-headed ogre
  4961 | D:5      | Killed a two-headed ogre
  5239 | D:5      | Found a sacrificial altar of Ru.
  5304 | D:5      | Found a glowing golden altar of the Shining One.
  5429 | D:5      | Found a staircase to the Ecumenical Temple.
  5821 | Temple   | Entered the Ecumenical Temple
  5956 | D:6      | Noticed Pikel
  5979 | D:6      | Killed Pikel
  5980 | D:6      | Reached skill level 11 in Dodging
  5980 | D:6      | Reached XP level 9. HP: 35/40 MP: 10/10
  5987 | D:6      | Reached skill level 5 in Fighting
  6573 | D:6      | Found a blossoming altar of Fedhas.
  6620 | D:6      | You fall into a shaft and drop 3 floors!
  6620 | D:9      | Noticed Erolcha
  6620 | D:9      | Noticed a troll
  6622 | D:9      | Killed Erolcha
  6631 | D:9      | Killed a troll
  6632 | D:9      | Reached skill level 12 in Dodging
  6632 | D:9      | Reached XP level 10. HP: 45/45 MP: 11/11
  6716 | D:9      | Noticed Joseph
  6730 | D:9      | Killed Joseph
  6731 | D:9      | Reached skill level 10 in Stealth
  6982 | D:7      | Found a stormy altar of Qazlal.
  6993 | D:7      | Noticed Harold
  6995 | D:7      | Noticed Maggie
  7020 | D:7      | Killed Harold
  7198 | D:7      | Killed Maggie
  7199 | D:7      | Reached skill level 10 in Unarmed Combat
  7360 | D:7      | Noticed a boulder beetle
  7365 | D:7      | Killed a boulder beetle
  7365 | D:7      | Reached **** piety under Trog
  7392 | D:6      | Found Ceagam's Armour Boutique.
  7780 | D:6      | Found a snail-covered altar of Cheibriados.
  9267 | D:8      | Found Gealux's Weapon Boutique.
  9866 | D:9      | Found a shadowy altar of Dithmenos.
  9875 | D:9      | Found a runed translucent door.
  9875 | D:9      | Noticed a cyclops
  9882 | D:9      | Killed a cyclops
  9883 | D:9      | Noticed an orc sorcerer
  9887 | D:9      | Paralysed by an orc sorcerer for 7 turns
  9894 | D:9      | Killed from afar by an orc sorcerer
  9895 | D:9      | Reached XP level 9. HP: -20/40 MP: 10/10
  9906 | D:9      | Reached XP level 10. HP: 44/47 MP: 11/11
 10006 | D:9      | Noticed a manticore
 10016 | D:9      | Killed a manticore
 10086 | D:9      | Reached skill level 13 in Dodging
 10104 | D:9      | Paralysed by a hornet for 3 turns
 10111 | D:9      | Slain by a hornet
 10112 | D:9      | Reached XP level 9. HP: -4/64 MP: 10/10
 10115 | D:9      | Noticed a yaktaur captain
 10118 | D:9      | Shot with a bolt by a yaktaur captain

Illustrated notes

Levels and vault maps discovered:
D:1:      pf_arrival_petrified_forest, layout_loops_cross, minivault_5
D:2:      layout_basic, serial_shops, shop, basic_altar, grunt_ministairs_11
D:3:      layout_basic, mainiacjoe_overflow_alcove_2, minitemple,
          lightli_corner_chamber
D:4:      layout_rooms, kennysheep_mini_moat, mainiacjoe_overflow_chevrons,
          grunt_ministairs_3, uniq_eustachio, uniq_duvessa, uniq_grinder
D:5:      layout_loops_ring, nicolae_overflow_hidden_temple,
          eat_drink_and_be_merry_uskayaw, tso_oasis_becter,
          lemuel_temple_firewalk_a, nicolae_sextant
D:6:      minmay_recursive_quarters, layout_loops_ring,
          mainiacjoe_overflow_surrounded_room, fedhas_altar_4, serial_shops,
          nicolae_shop_temple_entry_statues_fountains,
          hangedman_abyss_or_decor_passed, uniq_pikel
D:7:      layout_basic, nicolae_qazlal_general_emergency, uniq_harold,
          uniq_maggie
D:8:      layout_basic, serial_shops, shop_statue
D:9:      layout_big_octagon, grunt_dithmenos_smoke, xom_redecorated,
          lair_entry_dummy, minivault_13, uniq_joseph, uniq_erolcha
Temple:   corrupted_temple

Skill      XL: |  1  2  3  4  5  6  7  8  9 10 |
---------------+-------------------------------+-----
Stealth        | 2 3 4 5 6 8 9 10 | 10.0
Unarmed Combat | 4 6 7 8 10 | 10.0
Dodging        | 6 7 10 11 12 13 | 13.0
Fighting       | 4 6 7 |  7.3
Evocations     | 4 |  4.3

Action                   |  1- 3 |  4- 6 |  7- 9 | 10-12 || total
-------------------------+-------+-------+-------+-------++-------
Melee: Unarmed           |    73 |   103 |   234 |   167 ||   577
       Bite              |    10 |    12 |    34 |    15 ||    71
       Punch             |     1 |     3 |     6 |     9 ||    19
Invok: Berserk           |     4 |     5 |     8 |    10 ||    27
       Trog's Hand       |       |     1 |     3 |     1 ||     5
  Use: Potion            |       |     1 |       |       ||     1
 Stab: Sleeping          |     3 |     4 |     6 |     8 ||    21
       Distracted        |       |       |     1 |     2 ||     3
Armor: Skin              |       |     2 |     7 |     3 ||    12
Dodge: Dodged            |    58 |    99 |   176 |   139 ||   472
Block: Other             |       |       |    29 |    31 ||    60
       Reflection        |       |       |       |     2 ||     2
